 Dungeon Crawl Stone Soup version 0.28.0-1-gb440e238dd (webtiles) character file.

Game seed: 180252951768034323

252 Sanktem7 the Sneak (level 5, -4/24 HPs)
             Began as a Spriggan Enchanter on Feb 26, 2022.
             Shot with an arrow by a centaur (8 damage)
             ... on level 4 of the Dungeon.
             The game lasted 00:17:52 (5689 turns).

Sanktem7 the Sneak (Spriggan Enchanter)             Turns: 5689, Time: 00:17:53

Health: -4/24      AC:  2    Str:  4    XL:     5   Next: 89%
Magic:  8/12       EV: 18    Int: 19    God:
Gold:   87         SH:  0    Dex: 15    Spells: 8/13 levels left

rFire   . . .      SeeInvis +   y - +2 dagger (freeze) {short}
rCold   . . .      Faith    .   (no shield)
rNeg    . . .      Spirit   .   b - +0 robe
rPois   .          Reflect  .   (helmet restricted)
rElec   .          Harm     .   (no cloak)
rCorr   +          Rampage  .   (gloves unavailable)
Will    .....                   (boots unavailable)
Stlth   +++.......              i - amulet of magic regeneration {@e2}
HPRegen 0.08/turn               f - ring of resist corrosion
MPRegen 0.53/turn               (no ring)

@: very slightly contaminated, very quick
A: very small, no large weapons, unfitting armour, see invisible, speed 3
a: no special abilities


You were on level 4 of the Dungeon.
You visited 1 branch of the dungeon, and saw 4 of its levels.

You collected 87 gold pieces.


Innate Abilities, Weirdness & Mutations

You are very small and have problems with some larger weapons.
You are too small for most types of armour.
You have supernaturally acute eyesight. (SInv)
You cover ground extremely quickly. (Speed+++)


   Skills:
 + Level 0.2 Fighting
 - Level 2.0 Short Blades
 + Level 4.0 Dodging
 + Level 5.5 Stealth
 * Level 4.6 Spellcasting
 * Level 5.4 Hexes


You had 8 spell levels left.
You knew the following spells:

 Your Spells              Type           Power      Damage    Failure   Level
a - Ensorcelled Hibernat  Hex/Ice        28%        N/A       6%          2
b - Confusing Touch       Hex            25%        N/A       4%          3

Your spell library contained the following spells:

 Spells                   Type           Power      Damage    Failure   Level
 Tukima's Dance           Hex            25%        N/A       4%          3
 Dazzling Flash           Conj/Hex       28%        N/A       13%         3
 Summon Guardian Golem    Hex/Summ       14%        N/A       13%         3
 Ignite Poison            Fire/Tmut/Pois 4%         N/A       36%         3
 Mephitic Cloud           Conj/Pois/Air  4%         N/A       36%         3
 Freezing Cloud           Conj/Ice/Air   2%         6-21      98%         5
 Orb of Destruction       Conj           2%         9d5       100%        7
 Spellforged Servitor     Conj/Summ      2%         N/A       100%        7

Inventory:

Hand Weapons
 y - a +2 dagger of freezing (weapon) {short}
   (You took it off an orc on level 4 of the Dungeon)
Missiles
 r - 33 sling bullets
 s - 48 stones (quivered) {throwing}
 v - 10 arrows
 w - 2 boomerangs {throwing}
Armour
 b - a +0 robe (worn)
 z - a +0 leather armour
   (You took it off an orc on level 4 of the Dungeon)
Jewellery
 f - a ring of resist corrosion (left hand)
   (You took it off an orc on level 3 of the Dungeon)
 i - an amulet of magic regeneration (around neck) {@e2}
   (You found it on level 1 of the Dungeon)
Scrolls
 a - a scroll of fear {unknown}
 d - 5 scrolls of fog {unknown}
 e - a scroll of teleportation {unknown}
 h - a scroll of enchant weapon {unknown}
 j - 2 scrolls of noise {unknown}
 k - 2 scrolls of enchant armour {unknown}
 l - 2 scrolls of identify {unknown}
 o - a scroll of magic mapping {unknown}
Potions
 c - a potion of invisibility
 g - 3 potions of flight {unknown}
 m - a potion of resistance {unknown}
 n - a potion of might {unknown}
 p - a potion of lignification {unknown}
 q - a potion of magic {unknown}
 t - 4 potions of heal wounds {unknown}
 u - a potion of berserk rage {unknown}
 x - a potion of brilliance {unknown}
 A - a potion of haste {unknown}

Dungeon Overview and Level Annotations

Branches:
Dungeon (4/15)             Temple (0/1) D:4

Altars:
Uskayaw
Wu Jian

#.........# #.
#......#### . #..###.#
.## #..# #.# ..#
#..###.# #.# #....#.#
#####.#### ##.#.#.#
#........# #.#.#.#
#@##.####.#.#.#### ##
#.##.##.........##
##...##)##.##.##...##.#.
......c...............'.
##...#####.##......##.#.
##. #.##..##.###.##
#..#####.##..#### #.##
#........##..######.#
##.#####.......)....#


You could see a centaur.


Message History

There is an open door here.
An endoplasm comes into view.
Casting: Ensorcelled Hibernation (safe; 6% risk of failure)
Confirm with . or Enter, or press ? or * to list all spells.
Aiming: Ensorcelled Hibernation (safe; 6% risk of failure)
Press: ? - help, Shift-Dir - straight line, f - endoplasm
Aim: an endoplasm (wandering, hasn't noticed you, chance to affect: 65%)
The endoplasm quivers.
The endoplasm looks drowsy... 😎 MP[-2]
You lost 2 mp, and now have 10/12 mp. 😎 MP[+1]
The helpless endoplasm fails to defend itself.
You impale the endoplasm!! You freeze the endoplasm.
You kill the endoplasm!
You see here a +0 leather armour.
You open the door.
There is an open door here.
You open the door.
There is an open door here.
Found a stone staircase leading down. 😎 MP[+1]
Your mp is fully restored (12).
There is a stone staircase leading down here.
A - a fuming green potion
There is a stone staircase leading down here.
A centaur comes into view.
The centaur shouts!
Casting: Ensorcelled Hibernation (safe; 6% risk of failure)
Confirm with . or Enter, or press ? or * to list all spells.
Aiming: Ensorcelled Hibernation (safe; 6% risk of failure)
Press: ? - help, Shift-Dir - straight line, f - centaur
Aim: a centaur, quivering arrows (chance to affect: 48%)
You miscast Ensorcelled Hibernation.
You are very lightly contaminated with residual magic.
Nothing appears to happen.
The centaur barely misses you. The centaur closely misses you.
A kobold comes into view. It is wielding a +0 club.
The centaur barely misses you.
The centaur completely misses you. 😎 MP[-2]
You lost 2 mp, and now have 10/12 mp.
The kobold shouts!
The centaur wields a +0 shortbow.
The centaur shoots an arrow.
The arrow hits you! 😮 HP[-8]
You take 8 damage, and now have 16/24 hp.
MASSIVE DAMAGE!! (PAUSE)
Casting: Ensorcelled Hibernation (safe; 6% risk of failure)
Confirm with . or Enter, or press ? or * to list all spells.
Aiming: Ensorcelled Hibernation (safe; 6% risk of failure)
Press: ? - help, Shift-Dir - straight line, f/p - centaur
Aim: a centaur, wielding a +0 shortbow and quivering arrows (chance to affect: 48%)
The centaur resists with some effort.
The centaur shoots an arrow.
The arrow hits you.
* * * LOW HITPOINT WARNING * * *
😨 HP[-4] MP[-1]
You take 4 damage, and now have 12/24 hp.
You lost 1 mp, and now have 9/12 mp.
Casting: Ensorcelled Hibernation (safe; 6% risk of failure)
Confirm with . or Enter, or press ? or * to list all spells.
Aiming: Ensorcelled Hibernation (safe; 6% risk of failure)
Press: ? - help, Shift-Dir - straight line, f/p - centaur
Aim: a centaur, wielding a +0 shortbow and quivering arrows (chance to affect: 48%)
The centaur looks drowsy... 😮 HP[+1] MP[-2]
You lost 2 mp, and now have 7/12 mp.
The centaur shouts!
The kobold closely misses you.
The centaur unwields a +0 shortbow.
The centaur hits you.
* * * LOW HITPOINT WARNING * * *
The centaur closely misses you. 😨 HP[-2] MP[+1]
You take 2 damage, and now have 11/24 hp.
Casting: Ensorcelled Hibernation (safe; 6% risk of failure)
Confirm with . or Enter, or press ? or * to list all spells.
Aiming: Ensorcelled Hibernation (safe; 6% risk of failure)
Press: ? - help, Shift-Dir - straight line, f - kobold, p - centaur
Aim: a kobold, wielding a +0 club and quivering stones (chance to affect: 65%)
The kobold looks drowsy...
The centaur closely misses you. The centaur misses you. 😨 MP[-2]
You lost 2 mp, and now have 6/12 mp.
The helpless kobold fails to defend itself.
You impale the kobold!! You freeze the kobold.
You kill the kobold!
The centaur hits you.
* * * LOW HITPOINT WARNING * * *
The centaur barely misses you. 😨 HP[-3] MP[+1]
You take 3 damage, and now have 8/24 hp.
The centaur hits you.
* * * LOW HITPOINT WARNING * * *
The centaur completely misses you.
Things that are here:
a +0 club {mace}; 4 stones {throwing}; 😱 HP[-4]
You take 4 damage, and now have 4/24 hp.
The centaur wields a +0 shortbow.
The centaur shoots an arrow.
The arrow barely misses you.
The centaur shoots an arrow.
The arrow hits you!
You die...

Skill      XL: |  1  2  3  4  5 |
---------------+----------------+-----
Spellcasting   | 3 4 |  4.6
Dodging        | 3 4 |  4.0
Hexes          | 4 5 |  5.4
Stealth        | 5 |  5.5
Short Blades   | 2 |  2.0
Fighting       | |  0.2

Action                   |  1- 3 |  4- 6 || total
-------------------------+-------+-------++-------
Melee: Dagger            |    80 |    89 ||   169
       Punch             |       |     1 ||     1
 Cast: Ensorcelled Hiber |    36 |    60 ||    96
       Confusing Touch   |       |     4 ||     4
 Stab: Sleeping          |    33 |    42 ||    75
       Confused          |       |     5 ||     5
Armor: Robe              |     5 |     9 ||    14
Dodge: Dodged            |    58 |    78 ||   136

Levels and vault maps discovered:
D:1:      wheals_arrival_linesprint, layout_basic,
          hellmonk_ecumenical_altar_zigzags, minmay_misc_feat_ornament
D:2:      layout_loops_ring, basic_altar, minivault_24
D:3:      layout_basic, minmay_distorted
D:4:      layout_loops_corners, mainiacjoe_overflow_brackets,
          minmay_temple_entry_sparse_star

Notes
Turn   | Place    | Note
-------+----------+-------------------------------------------
     0 | D:1      | Sanktem7 the Spriggan Enchanter began the quest for the
                  | Orb.
     0 | D:1      | Reached XP level 1. HP: 9/9 MP: 5/5
     0 | D:1      | magus.rc [v1.9.6]
   708 | D:1      | You pick up a book of Dangerous Friends and begin
                  | reading...
   708 | D:1      | You add the spells Summon Guardian Golem, Orb of
                  | Destruction and Spellforged Servitor to your library.
   715 | D:1      | Reached skill level 3 in Spellcasting
   733 | D:1      | Reached XP level 2. HP: 13/13 MP: 7/7
   736 | D:1      | Learned a level 2 spell: Ensorcelled Hibernation
  1037 | D:1      | Reached skill level 3 in Dodging
  1037 | D:1      | Reached skill level 4 in Hexes
  1383 | D:1      | Found a faded altar of an unknown god.
  1400 | D:1      | Reached XP level 3. HP: 10/16 MP: 1/8
  2521 | D:2      | Reached skill level 5 in Stealth
  2721 | D:2      | Learned a level 3 spell: Confusing Touch
  2876 | D:2      | Reached XP level 4. HP: 21/21 MP: 6/10
  3068 | D:2      | Found a hide-covered altar of Uskayaw.
  3704 | D:3      | Reached skill level 2 in Short Blades
  3722 | D:3      | Reached skill level 4 in Spellcasting
  3802 | D:3      | Reached XP level 5. HP: 24/24 MP: 10/12
  3867 | D:3      | Reached skill level 5 in Hexes
  3877 | D:3      | You add the spells Ignite Poison, Mephitic Cloud and
                  | Freezing Cloud to your library.
  4594 | D:3      | HP: 3/24 [gnoll (7)]
  5060 | D:4      | Reached skill level 4 in Dodging
  5253 | D:4      | Found a staircase to the Ecumenical Temple.
  5313 | D:4      | Found an ornate altar of the Wu Jian Council.
  5676 | D:4      | Noticed a centaur
  5687 | D:4      | HP: 4/24 [centaur (4)]
  5689 | D:4      | Shot with an arrow by a centaur

Vanquished Creatures
  An orc wizard (D:3)
  A scorpion zombie (D:3)
  4 adders
  5 gnolls
  An ufetubus (D:4)
  3 worms
  3 dart slugs
  14 orcs
  4 ball pythons
  7 endoplasms
  3 giant cockroaches
  6 goblins
  7 hobgoblins
  2 jackals (D:1)
  10 kobolds
  4 quokkas
  5 bats
  4 frilled lizards (D:1)
  4 rats
88 creatures vanquished.

Table legend:
 A = Non-vault XP
 B = Vault XP
 C = Vault XP percentage of total XP
 D = Non-vault monster count
 E = Vault monster count
 F = Vault count percentage of total count
                 A         B        C        D         E       F
            +---------+---------+-------+---------+---------+-------
      Total |     357 |       4 |   1.1 |      86 |       2 |   2.3
            +---------+---------+-------+---------+---------+-------
        D:1 |      61 |       0 |   0.0 |      29 |       0 |   0.0
        D:2 |      50 |       0 |   0.0 |      16 |       0 |   0.0
        D:3 |     187 |       4 |   2.1 |      28 |       2 |   6.7
        D:4 |      59 |       0 |   0.0 |      13 |       0 |   0.0
            +---------+---------+-------+---------+---------+-------

Illustrated notes

Table legend:
 A = Kills in this place as a percentage of kills in entire the game.
 B = Kills by you in this place as a percentage of kills by you in the entire game.
 C = Kills by friends in this place as a percentage of kills by friends in the entire game.
 D = Other kills in this place as a percentage of other kills in the entire game.
 E = Experience gained in this place as a percentage of experience gained in the entire game.
 F = Experience gained in this place divided by the number of levels of this place that you have seen.
                   A       B       C       D       E      F
               +-------+-------+-------+-------+-------+----------------------
         Total | 100.0 | 100.0 |   N/A |   N/A | 100.0 |  90.2
       Dungeon | 100.0 | 100.0 |   N/A |   N/A | 100.0 |  90.2
               +-------+-------+-------+-------+-------+----------------------

Table legend: (Time is in decaauts)
 A = Elapsed time spent in this place.
 B = Non-inter-level travel time spent in this place.
 C = Inter-level travel time spent in this place.
 D = Time resting spent in this place.
 E = Time spent auto-exploring this place.
 F = Levels seen in this place.
 G = Mean time per level.
                   A        B        C        D        E       F      G
               +--------+--------+--------+--------+--------+-----+--------+
         Total |   4327 |   4266 |     61 |   1832 |   1084 |   4 | 1081.8 |
       Dungeon |   4327 |   4266 |     61 |   1832 |   1084 |   4 | 1081.8 |
               +--------+--------+--------+--------+--------+-----+--------+

Top non-repeatable levels by time:
     D:1: 1996 daAuts
     D:3: 1320 daAuts
     D:2: 575 daAuts
     D:4: 434 daAuts
